 Dungeon Crawl Stone Soup version 0.30-a0-297-g0ec75d9ef4 (webtiles) character file.

Game seed: 17956192897786741017

108 Harunobu the Trooper (level 4, -1/61 HPs)
             Began as a Minotaur Monk on Oct 18, 2022.
             Slain by a goblin
             ... wielding a +0 dagger of electrocution
              (19 damage)
             ... on level 4 of the Dungeon.
             The game lasted 00:04:10 (2373 turns).

Harunobu the Trooper (Minotaur Monk)                Turns: 2373, Time: 00:04:11

Health: -1/61      AC: 22    Str: 15 (18) XL:     4   Next: 58%
Magic:  3/3        EV:  2    Int:  4 (7)  God:
Gold:   196        SH:  0    Dex: 11 (12) Spells: 3/3 levels left

rFire   . . .      SeeInvis .    r - +1 whip (venom)
rCold   . . .      Faith    .    (no shield)
rNeg    . . .      Spirit   .    (body armour currently unavailable)
rPois   +          Reflect  .    (helmet currently unavailable)
rElec   .          Harm     .    (cloak currently unavailable)
rCorr   .          Rampage  .    (gloves currently unavailable)
Will    .....      NoTele   +    (boots currently unavailable)
Stlth   ++........               (no amulet)
HPRegen 0.30/turn                j - ring of poison resistance
MPRegen 0.08/turn                (no ring)

@: brilliant, tree-form
A: stationary, stasis, torment immunity, boosted hp, (horns 2), (retaliatory
headbutt)
a: no special abilities


You were on level 4 of the Dungeon.
You were a tree.
You visited 1 branch of the dungeon, and saw 4 of its levels.

You collected 196 gold pieces.

Inventory:

Hand Weapons
 a - a +0 mace
 h - a +0 mace of protection
 i - a +0 whip
 m - a +0 morningstar
 r - a +1 whip of venom (weapon)
Armour
 b - a +0 robe
 f - a +1 ring mail (melded)
Jewellery
 j - a ring of poison resistance (left branch)
Scrolls
 d - 2 scrolls of enchant armour
 e - 2 scrolls of teleportation {unknown}
 l - 4 scrolls of identify
Potions
 c - a potion of ambrosia
 g - a potion of haste {unknown}
 n - a potion of heal wounds {unknown}
 p - a potion of lignification


   Skills:
 + Level 4.7 Fighting
 - Level 3.6 Maces & Flails
 + Level 4.3 Dodging
 + Level 2.8 Stealth


You had 3 spell levels left.
You didn't know any spells.
Your spell library was empty.

Dungeon Overview and Level Annotations

Branches:
Dungeon (4/15)
 Temple: D:4-7

Altars:
Ashenzari
Fedhas

Annotations:
D:3 Jessica
D:4 Robin


Innate Abilities, Weirdness & Mutations

You are a tree.
Your roots penetrate the ground, keeping you stationary.
You cannot be teleported.
You are immune to unholy pain and torment.
Your maximum health is greatly increased.
Your equipment is partially melded.
((You have a pair of horns on your head.))
((You reflexively headbutt those who attack you in melee.))


Message History

The hobgoblin hits you but does no damage.
The orc barely misses you.
Okay, then.
It was a potion of brilliance.
You feel clever all of a sudden.
The goblin hits you but does no damage. x2
The orc hits you but does no damage. x2
The goblin hits you but does no damage.
The hobgoblin hits you but does no damage.
It was a potion of curing.
You feel better.
The goblin hits you but does no damage. x2; The orc barely misses you.
The orc hits you but does no damage. The goblin hits you but does no damage.
The hobgoblin hits you but does no damage.
It was a potion of degeneration.
There was something very wrong with that liquid.
You feel weakened.
You feel dopey.
You feel clumsy.
The goblin hits you but does no damage. x2
The orc hits you but does no damage. x2
The goblin hits you but does no damage.
The hobgoblin hits you but does no damage.
You cannot move.
You completely miss the goblin.
The goblin hits you but does no damage. x2
The orc barely misses you. The goblin completely misses you.
The orc hits you but does no damage.
The hobgoblin hits you but does no damage.
You completely miss the goblin.
The goblin hits you but does no damage. x2
The orc hits you but does no damage. x2
The goblin hits you but does no damage.
The hobgoblin hits you but does no damage.
You hit the goblin.
You kill the goblin!
The orc hits you but does no damage.
The goblin hits you but does no damage. x2
The hobgoblin hits you but does no damage.
The orc hits you but does no damage.
You closely miss the goblin.
The scorpion stings you but does no damage.
The scorpion barely misses you. The orc hits you but does no damage.
The goblin barely misses you. The orc hits you but does no damage.
The goblin hits you but does no damage.
You are electrocuted!!
You die...

...............
#.............. ##...
........ #...###.....#
#...........###
#............... .
##...#..o....#... #.
#......gsg......g ...#
##.....)♣og.[....
.....###.....g#o.......
.........#...###.#.#..g
........###### ## # ..
....#.....# ... ###..##
. ####


You could see a scorpion, Robin, 3 orcs, a hobgoblin (strong) and 2 goblins.

Vanquished Creatures
  3 adders (D:2)
  A worm (D:2)
  3 dart slugs
  6 ball pythons
  4 bats (D:1)
  10 endoplasms
  A giant cockroach (D:1)
  11 goblins
  8 hobgoblins
  3 jackals (D:2)
  A quokka (D:1)
  4 frilled lizards
  6 kobolds
  5 rats
66 creatures vanquished.

Vanquished Creatures (others)
  A plant (D:4)
1 creature vanquished.

Grand Total: 67 creatures vanquished

Notes
Turn   | Place    | Note
-------+----------+-------------------------------------------
     0 | D:1      | Harunobu the Minotaur Monk began the quest for the Orb.
     0 | D:1      | Reached XP level 1. HP: 19/19 MP: 0/0
   146 | D:1      | Reached XP level 2. HP: 27/27 MP: 1/1
   512 | D:1      | Reached XP level 3. HP: 33/33 MP: 2/2
  1281 | D:2      | Reached XP level 4. HP: 40/41 MP: 3/3
  1806 | D:3      | Found a broken altar of Ashenzari.
  1807 | D:3      | Noticed Jessica
  1980 | D:3      | Found a blossoming altar of Fedhas.
  2351 | D:4      | Noticed Robin
  2362 | D:4      | Noticed a scorpion
  2373 | D:4      | Slain by a goblin

Illustrated notes

Levels and vault maps discovered:
D:1:      minmay_arrival_diagonal_passages, layout_loops_cross,
          minmay_pentomino_w2
D:2:      minmay_spotlight, layout_basic, serial_corexii_hall,
          corexii_hall_statues_u, corexii_hall_statues_x
D:3:      layout_rooms, fedhas_ov_isle_minmay, nicolae_uskayaw_en_pointe,
          lemuel_doored_altar, kennysheep_generic_room_11, uniq_jessica
D:4:      layout_cave_pools, nicolae_elyvilon_temple_path, uniq_natasha,
          uniq_robin

Skill      XL: |  1  2  3 |
---------------+----------+-----
Stealth        | 2 |  2.8
Fighting       | 4 |  4.7
Dodging        | 4 |  4.3
Maces & Flails | |  3.6

Action                   |  1- 3 |  4- 6 || total
-------------------------+-------+-------++-------
Melee: Mace              |    72 |       ||    72
       Headbutt          |    11 |     7 ||    18
       Morningstar       |    18 |     6 ||    24
       Punch             |     1 |       ||     1
       Whip              |       |    38 ||    38
  Use: Potion            |       |     4 ||     4
       Scroll            |       |     3 ||     3
 Stab: Sleeping          |     5 |       ||     5
Armor: Robe              |     5 |       ||     5
       Ring mail         |    34 |    28 ||    62
       Skin              |       |    41 ||    41
Dodge: Dodged            |    44 |    56 ||   100

Table legend: (Time is in decaauts)
 A = Elapsed time spent in this place.
 B = Non-inter-level travel time spent in this place.
 C = Inter-level travel time spent in this place.
 D = Time resting spent in this place.
 E = Time spent auto-exploring this place.
 F = Levels seen in this place.
 G = Mean time per level.
                   A        B        C        D        E       F      G
               +--------+--------+--------+--------+--------+-----+--------+
         Total |   2391 |   2317 |     74 |    707 |   1101 |   4 |  597.8 |
       Dungeon |   2391 |   2317 |     74 |    707 |   1101 |   4 |  597.8 |
               +--------+--------+--------+--------+--------+-----+--------+

Top non-repeatable levels by time:
     D:2: 1131 daAuts
     D:1: 789 daAuts
     D:4: 301 daAuts
     D:3: 169 daAuts
